 Dungeon Crawl Stone Soup version 0.25.0-1-g7eea58d2a3 (webtiles) character file.

Game seed: 6169546614199447706

656 McIrco the Chopper (level 7, 0/61 HPs)
             Began as a Minotaur Fighter on June 14, 2020.
             Hit by a boomerang thrown by a kobold (1 damage)
             ... in a bailey.
             The game lasted 00:05:19 (3489 turns).

McIrco the Chopper (Minotaur Fighter)               Turns: 3489, Time: 00:05:20

Health: 0/61       AC:  8    Str: 21    XL:     7   Next: 29%
Magic:  6/6        EV:  8    Int:  5    God:
Gold:   207        SH: 10    Dex: 11    Spells: 6/6 levels left

rFire    . . .     SeeInvis .   a - +0 war axe
rCold    . . .     Gourm    .   c - +0 kite shield
rNeg     . . .     Faith    .   b - +0 scale mail
rPois    .         Spirit   .   (helmet restricted)
rElec    .         Reflect  .   (no cloak)
rCorr    .         Harm     .   w - +0 pair of gloves
MR       .....                  (no boots)
Stlth    ..........             (no amulet)
HPRegen  0.20/turn              (no ring)
MPRegen  0.10/turn              (no ring)

@: flying
A: retaliatory headbutt, horns 2
a: no special abilities


You were in a bailey.
You were hungry.

You visited 1 branch of the dungeon, and saw 5 of its levels.
You also visited: Bailey.

You collected 207 gold pieces.

Inventory:

Hand Weapons
 a - a +0 war axe (weapon)
Armour
 b - a +0 scale mail (worn)
 c - a +0 kite shield (worn)
 w - a +0 pair of gloves (worn)
Jewellery
 m - an uncursed ring of protection from fire {unknown}
 t - a cursed ring of attention {unknown}
Scrolls
 e - 3 scrolls of identify {unknown}
 i - 2 scrolls of enchant weapon {unknown}
 l - 3 scrolls of teleportation {unknown}
 o - 2 scrolls of fog {unknown}
 p - a scroll of noise {unknown}
 s - a scroll of blinking {unknown}
 v - a scroll of remove curse {unknown}
 x - a scroll of enchant armour {unknown}
Potions
 d - 2 potions of might
 g - a potion of stabbing {unknown}
 h - 2 potions of flight
 j - 3 potions of curing
 k - a potion of haste {unknown}
 n - a potion of resistance {unknown}
 q - 2 potions of magic {unknown}
 r - a potion of cancellation {unknown}
 u - 2 potions of berserk rage {unknown}
Comestibles
 f - 4 rations


   Skills:
 * Level 5.3 Fighting
 + Level 6.0 Axes
 * Level 5.9 Armour
 + Level 1.1 Dodging
 + Level 0.1 Stealth
 * Level 5.6 Shields


You had 6 spell levels left.
You didn't know any spells.
Your spell library was empty.

Dungeon Overview and Level Annotations

Branches:
Dungeon (4/15)             Bailey (1/1)
 Temple: D:4-7

Altars:


Innate Abilities, Weirdness & Mutations

You reflexively headbutt those who attack you in melee.
You have a pair of horns on your head.


Message History

The weapon returns to the kobold!
The kobold throws a boomerang.
The boomerang hits you.
* * * LOW HITPOINT WARNING * * *
The weapon returns to the kobold!
The kobold throws a boomerang.
The boomerang hits you but does no damage.
The weapon returns to the kobold!
The kobold throws a boomerang.
The boomerang hits you but does no damage.
The weapon returns to the kobold!
Unknown command.
Unknown command.
The kobold throws a boomerang.
The boomerang hits you.
* * * LOW HITPOINT WARNING * * *
The weapon returns to the kobold!
The kobold throws a boomerang.
The boomerang hits you.
* * * LOW HITPOINT WARNING * * *
The weapon returns to the kobold!
The kobold throws a boomerang.
The boomerang hits you.
You die...

##.......## #.........#
#....∩....# #.........#
##.......## ##.....##
###...## ##...####
##...@.#### ##.......###
##..∩......####
#.............####
#≈≈≈≈≈≈≈≈≈........###
#≈≈≈≈≈≈≈≈≈≈≈≈≈≈.......##
≈≈≈#########≈≈≈≈.......#
≈≈≈K#..ooggK#K≈≈≈≈≈≈≈....
≈## #...gggK####oK≈≈≈≈≈≈≈


You could see an orc warrior, a gnoll, an orc, a goblin and 3 kobolds.

Vanquished Creatures
  Duvessa (D:3)
  An orc warrior (Bailey)
  Dowan (D:3)
  2 orc priests
  5 orc wizards
  A worker ant (D:4)
  A hound skeleton (D:7)
  Robin (D:4)
  6 adders
  3 worms
  A dart slug (D:1)
  A leopard gecko (D:3)
  3 orcs
  2 ball pythons
  2 giant cockroaches
  16 goblins
  13 hobgoblins
  2 jackals (D:1)
  9 kobolds
  2 quokkas
  7 bats
  5 frilled lizards (D:1)
  11 rats
96 creatures vanquished.

Notes
Turn   | Place    | Note
-------+----------+-------------------------------------------
     0 | D:1      | McIrco the Minotaur Fighter began the quest for the Orb.
     0 | D:1      | Reached XP level 1. HP: 19/19 MP: 0/0
   221 | D:1      | Reached XP level 2. HP: 27/27 MP: 1/1
   561 | D:1      | Reached XP level 3. HP: 33/33 MP: 2/2
   954 | D:2      | Reached skill level 3 in Axes
  1407 | D:3      | Reached XP level 4. HP: 40/40 MP: 3/3
  1501 | D:3      | You fall into a shaft and drop 1 floor!
  1792 | D:4      | Reached XP level 5. HP: 31/47 MP: 4/4
  1794 | D:4      | Reached skill level 4 in Axes
  1979 | D:3      | Reached skill level 5 in Armour
  2113 | D:3      | Reached XP level 6. HP: 39/53 MP: 5/5
  2113 | D:3      | Reached skill level 5 in Shields
  2117 | D:3      | Reached skill level 5 in Axes
  2682 | D:4      | Noticed Dowan
  2683 | D:4      | Noticed Duvessa
  2687 | D:4      | Noticed Robin
  2712 | D:3      | Killed Duvessa
  2712 | D:3      | Reached skill level 5 in Fighting
  2715 | D:3      | HP: 1/56 [Dowan/stone arrow (12)]
  2717 | D:3      | Killed Dowan
  2717 | D:3      | Reached XP level 7. HP: 8/61 MP: 6/6
  2989 | D:4      | Killed Robin
  3021 | D:4      | You fall into a shaft and drop 3 floors!
  3021 | D:7      | Found a flagged portal.
  3030 | D:7      | Reached skill level 1 in Dodging
  3033 | Bailey   | Entered a bailey
  3165 | Bailey   | Reached skill level 6 in Axes
  3484 | Bailey   | HP: 3/61 [kobold/boomerang (2)]
  3488 | Bailey   | HP: 1/61 [kobold/boomerang (2)]
  3489 | Bailey   | Hit by a boomerang thrown by a kobold

Illustrated notes

Levels and vault maps discovered:
D:1:      dpeg_arrival_pits, layout_loops_ring, hangedman_decor_points
D:2:      layout_basic
D:3:      layout_loops_ring
D:4:      layout_gridville, ebering_ghost_sewer_d, uniq_duvessa, uniq_robin
D:7:      layout_rooms, minmay_temple_entry_antechambers, enter_bailey_6
Bailey:   bailey_axe_4, bailey

Skill      XL: |  1  2  3  4  5  6  7 |
---------------+----------------------+-----
Armour         | 4 5 |  5.9
Shields        | 4 5 |  5.6
Fighting       | 4 5 |  5.3
Axes           | 3 4 5 6 |  6.0
Dodging        | 1 |  1.1
Stealth        | |  0.1

Action                   |  1- 3 |  4- 6 |  7- 9 || total
-------------------------+-------+-------+-------++-------
Melee: War axe           |   101 |   109 |    26 ||   236
       Headbutt          |     8 |    22 |     5 ||    35
  Use: Potion            |       |     1 |     2 ||     3
  Eat: Chunk             |     2 |     4 |     2 ||     8
Armor: Scale mail        |    41 |    45 |    27 ||   113
Dodge: Dodged            |    31 |    45 |    31 ||   107
Block: Kite shield       |    58 |    49 |    51 ||   158
